 Dungeon Sprint DCSS version 0.21-a0-417-g0adc95b (webtiles) character file.

4552 Kidiri the Fighter (level 10, -1/96 HPs)
             Began as a White Draconian Transmuter on Nov 3, 2017.
             Was an Elder of Wu Jian.
             Slain by an unseen horror (6 damage)
             ... in the Dungeon (Sprint I: "Red Sonja").
             The game lasted 00:06:55 (1564 turns).

Kidiri the Fighter (White Draconian Transmuter)     Turns: 1564, Time: 00:06:56

Health: -1/96      AC:  8    Str: 17    XL:     10   Next: 17%
Magic:  17/20      EV: 16    Int: 14    God:    Wu Jian [****..]
Gold:   699        SH:  0    Dex: 14    Spells: 8/23 levels left

rFire    . . .     SeeInvis .     - Unarmed
rCold    + . .     Gourm    .   (shield currently unavailable)
rNeg     . . .     Faith    .   (armour unavailable)
rPois    .         Spirit   .   m - +1 hat "Hymasam" {Str+4}
rElec    .         Reflect  .   (no cloak)
rCorr    .         Harm     .   (gloves currently unavailable)
MR       .....     NoTele   +   (no boots)
Stlth    ++++......             (no amulet)
HPRegen  0.26/turn              (no ring)
MPRegen  0.17/turn              (no ring)

@: blade hands, serpent's lash
A: breathe frost, unfitting armour, cold resistance 1, cold-blooded, AC +7
a: Breathe Frost, End Transformation, Serpent's Lash, Renounce Religion


You were in the Dungeon.
You worshipped Wu Jian.
Wu Jian was greatly pleased with you.
You were very hungry.
You had blades for hands.
You visited 1 branch You collected 1063 gold pieces.
You spent 364 gold pieces at shops.

Inventory:

Hand Weapons
 j - a +0 shortbow
 k - a +0 longbow
Missiles
 a - 73 arrows
 e - 5 javelins (quivered)
Armour
 c - a +0 troll leather armour
 f - a +0 shield
 m - the +1 hat "Hymasam" (worn) {Str+4}
   (You bought it in a shop in the Dungeon)

   It affects your strength (+4).
 n - a +0 buckler
 o - a cursed +0 pair of gloves (melded)
Scrolls
 h - a scroll of amnesia {unknown}
 i - a scroll of blinking
 l - 3 scrolls of identify {unknown}
Potions
 d - 2 potions of curing
 g - 2 potions of magic


   Skills:
 * Level 11.2 Fighting
 + Level 7.0 Dodging
 + Level 7.4 Stealth
 + Level 5.2 Shields
 * Level 10.8 Unarmed Combat
 + Level 7.0 Spellcasting
 * Level 10.4 Transmutations
 + Level 7.2 Ice Magic
 + Level 6.7 Poison Magic


You had 8 spell levels left.
You knew the following spells:

 Your Spells              Type           Power        Failure   Level  Hunger
a - Beastly Appendage     Tmut           ####..       9%          1    None
b - Sticks to Snakes      Tmut           ####....     10%         2    #......
c - Spider Form           Tmut/Pois      ####......   17%         3    ##.....
d - Ice Form              Ice/Tmut       ####....     28%         4    ####...
e - Blade Hands           Tmut           ####......   34%         5    ######.


Dungeon Overview and Level Annotations

Branches:
Dungeon (1/1)

Altars:
Cheibriados
Dithmenos
Elyvilon
Fedhas
Gozag
Hepliaklqana
Kikubaaqudgha
Makhleb
Nemelex Xobeh
Okawaru
Qazlal
Ru
Sif Muna
Trog
Uskayaw
Vehumet
Wu Jian
Xom
Yredelemnul
Zin
The Shining One
Jiyva
Lugonu

Shops:
D [[[

Annotations:
D exclusion: 4 doors


Innate Abilities, Weirdness & Mutations

You can breathe waves of freezing cold.
You can buffet flying creatures when you breathe cold.
Your icy white scales are hard. (AC +7)
You cannot fit into any form of body armour.
Your flesh is cold resistant. (rC+)
You are cold-blooded and may be slowed by cold attacks.


Message History

Something hits you.
* * * LOW HITPOINT WARNING * * *
You slash something! You tail-slap something. Something barely misses you.
Something hits you!
* * * LOW HITPOINT WARNING * * *
Something hits you but does no damage.
Unknown command.
Unknown command.
You feel better. Something hits you.
* * * LOW HITPOINT WARNING * * *
Something barely misses you. Something hits you but does no damage.
Unknown command.
Your muscles tense, ready for explosive movement...
You slash something! Something hits you.
* * * LOW HITPOINT WARNING * * *
Something hits you but does no damage. Something hits you.
* * * LOW HITPOINT WARNING * * *
Something hits you but does no damage.
You hit something. Something hits you.
You die...

.#_____##+#_.+≈§≈..§§.#
⌠#_.∩...+..._#≈§≈.§#§.#
##_..__##_.#'##§#####'###
#_____###'#:#....###.'.#
##########.####+###.###%#
^.......+...÷.....+.∩##.#
#++++####.÷.###########.#
###.###.......##§#
#.#+#.#.{@....§§§#
#.....#+++######§#
#.....# JJ..§§#§# #######
#+§# ####


There were no monsters in sight!

Vanquished Creatures
  2 centaur warriors (D)
  Sonja (D)
  A deep troll (D)
  An oklob plant (D)
  2 kobold demonologists (D)
  A hornet (D)
  A slime creature (D)
  Sigmund (D)
  A yak (D)
  2 redbacks (D)
  2 floating eyes (D)
  A jelly (D)
  Ijyb (D)
  2 ballistomycetes (D)
  A ballistomycete spore (D)
20 creatures vanquished.

Vanquished Creatures (collateral kills)
  An ogre (D)
1 creature vanquished.

Vanquished Creatures (others)
  A gargoyle (D)
  A hornet (D)
  A ballistomycete spore (D)
3 creatures vanquished.

Grand Total: 24 creatures vanquished

Notes
Turn   | Place    | Note
-------+----------+-------------------------------------------
     0 | D        | Kidiri the Draconian Transmuter began the quest for the Orb.
     0 | D        | Reached XP level 1. HP: 16/16 MP: 3/3
     3 | D        | Noticed Ijyb
     9 | D        | Killed Ijyb
     9 | D        | Reached skill level 3 in Fighting
     9 | D        | Reached skill level 1 in Stealth
     9 | D        | Reached XP level 2. HP: 26/26 MP: 2/5
    34 | D        | Learned a level 2 spell: Sticks to Snakes
    60 | D        | Noticed an ogre
    68 | D        | Killed an ogre
    68 | D        | Reached skill level 4 in Fighting
    68 | D        | Reached skill level 5 in Unarmed Combat
    68 | D        | Reached XP level 3. HP: 13/34 MP: 1/7
    68 | D        | Reached XP level 4. HP: 16/41 MP: 1/8
   135 | D        | Learned a level 3 spell: Spider Form
   259 | D        | Noticed Sigmund
   264 | D        | Killed Sigmund
   264 | D        | Reached skill level 6 in Fighting
   264 | D        | Reached skill level 5 in Transmutations
   264 | D        | Reached XP level 5. HP: 50/50 MP: 1/11
   346 | D        | Learned a level 4 spell: Ice Form
   348 | D        | Found an ornate altar of the Wu Jian Council.
   348 | D        | Found a deep blue altar of Sif Muna.
   350 | D        | Found a radiant altar of Vehumet.
   353 | D        | Became a worshipper of the Wu Jian Council
   357 | D        | Reached XP level 6. HP: 53/57 MP: 9/12
   496 | D        | Found Egyt's Armour Emporium.
   496 | D        | Found an ancient bone altar of Kikubaaqudgha.
   496 | D        | Found a hazy altar of Hepliaklqana.
   496 | D        | Found a stormy altar of Qazlal.
   496 | D        | Found a hide-covered altar of Uskayaw.
   496 | D        | Found a blossoming altar of Fedhas.
   496 | D        | Found a bloodstained altar of Trog.
   496 | D        | Found an iron altar of Okawaru.
   496 | D        | Found a basalt altar of Yredelemnul.
   496 | D        | Found a glowing golden altar of the Shining One.
   496 | D        | Found a snail-covered altar of Cheibriados.
   496 | D        | Found a sacrificial altar of Ru.
   496 | D        | Found a glowing silver altar of Zin.
   496 | D        | Found a shadowy altar of Dithmenos.
   496 | D        | Found a white marble altar of Elyvilon.
   496 | D        | Noticed a yak
   497 | D        | Found an opulent altar of Gozag.
   504 | D        | Killed a yak
   504 | D        | Reached skill level 7 in Fighting
   505 | D        | Found a sparkling altar of Nemelex Xobeh.
   509 | D        | Bought the +1 hat "Hymasam" {Str+4} for 292 gold pieces
   541 | D        | Found a burning altar of Makhleb.
   541 | D        | Found a viscous altar of Jiyva.
   541 | D        | Found a shimmering altar of Xom.
   541 | D        | Found a corrupted altar of Lugonu.
   541 | D        | Noticed a slime creature
   553 | D        | Killed a slime creature
   553 | D        | Reached * piety under Wu Jian
   553 | D        | Your scales start taking on an icy white colour.
   553 | D        | Reached XP level 7. HP: 14/67 MP: 2/14
   553 | D        | Gained mutation: Your flesh is cold resistant. (rC+) [White Draconian growth]
   758 | D        | Learned a level 5 spell: Blade Hands
   791 | D        | Bought a +0 buckler for 54 gold pieces
   791 | D        | Bought a cursed +0 pair of gloves for 18 gold pieces
   846 | D        | Noticed a kobold demonologist
   847 | D        | Noticed a kobold demonologist
   851 | D        | Reached skill level 5 in Spellcasting
   852 | D        | Noticed a neqoxec
   852 | D        | Killed a kobold demonologist
   852 | D        | Reached skill level 8 in Fighting
   852 | D        | Reached skill level 5 in Dodging
   852 | D        | Reached skill level 5 in Stealth
   852 | D        | Reached skill level 1 in Shields
   856 | D        | Noticed a red devil
   857 | D        | Killed a kobold demonologist
   857 | D        | Reached ** piety under Wu Jian
   857 | D        | Reached XP level 8. HP: 52/75 MP: 12/16
   965 | D        | Noticed Sonja
   969 | D        | Killed Sonja
   969 | D        | Reached skill level 9 in Fighting
   969 | D        | Reached skill level 5 in Ice Magic
   969 | D        | Reached skill level 5 in Poison Magic
   983 | D        | Found Efadd's Antique Armour Boutique.
  1092 | D        | Noticed a deep troll
  1092 | D        | Killed a hornet
  1096 | D        | Killed a deep troll
  1096 | D        | Reached skill level 10 in Fighting
  1096 | D        | Reached XP level 9. HP: 72/85 MP: 11/18
  1111 | D        | Found Gegaipn's Armour Emporium.
  1151 | D        | Noticed a centaur warrior
  1151 | D        | Noticed a centaur warrior
  1154 | D        | Killed a centaur warrior
  1154 | D        | Reached skill level 10 in Unarmed Combat
  1154 | D        | Killed a centaur warrior
  1154 | D        | Reached *** piety under Wu Jian
  1154 | D        | Reached skill level 10 in Transmutations
  1304 | D        | Killed a gargoyle
  1390 | D        | Paralysed by a hornet for 3 turns
  1508 | D        | Noticed an oklob plant
  1511 | D        | Killed an oklob plant
  1511 | D        | Reached skill level 11 in Fighting
  1511 | D        | Reached skill level 5 in Shields
  1511 | D        | Reached XP level 10. HP: 95/95 MP: 14/20
  1523 | D        | Reached **** piety under Wu Jian
  1561 | D        | HP: 3/96 [something (8)]
  1564 | D        | Slain by an unseen horror

Vault maps used:
D:        dungeon_sprint_1

Skill      XL: |  1  2  3  4  5  6  7  8  9 10 |
---------------+-------------------------------+-----
Fighting       | 3 4 6 7 8 10 11 | 11.2
Dodging        | 2 3 4 5 6 7 |  7.0
Stealth        | 1 2 3 4 5 6 7 |  7.4
Unarmed Combat | 4 5 6 7 8 9 10 | 10.8
Transmutations | 3 4 5 6 7 8 9 10 | 10.4
Spellcasting   | 3 4 5 6 7 |  7.0
Poison Magic   | 2 3 4 5 6 |  6.7
Ice Magic      | 3 4 5 7 |  7.2
Shields        | 2 3 5 |  5.2

Action                   |  1- 3 |  4- 6 |  7- 9 | 10-12 || total
-------------------------+-------+-------+-------+-------++-------
Melee: Unarmed           |    10 |    18 |    31 |    12 ||    71
       Kick              |     4 |       |       |       ||     4
       Tailslap          |     1 |       |     1 |     1 ||     3
       Punch             |       |       |     2 |       ||     2
 Cast: Beastly Appendage |     2 |       |       |       ||     2
       Sticks to Snakes  |     2 |     2 |       |       ||     4
       Spider Form       |       |     4 |     1 |       ||     5
       Ice Form          |       |     1 |     1 |       ||     2
       Blade Hands       |       |       |     6 |     1 ||     7
Invok: Serpent's Lash    |       |       |       |     1 ||     1
 Abil: End Transformatio |       |     1 |     1 |       ||     2
       Breathe Frost     |       |       |     2 |       ||     2
  Use: Potion            |     2 |       |       |     1 ||     3
 Stab: Sleeping          |       |     4 |     2 |       ||     6
  Eat: Bread ration      |       |       |     1 |       ||     1
Armor: Skin              |     2 |       |     3 |    10 ||    15
Dodge: Dodged            |     3 |     9 |     9 |    17 ||    38

Table legend:
 A = Spawn XP
 B = Non-spawn XP
 C = Spawn XP percentage of total XP
 D = Spawn monster count
 E = Non-spawn monster count
 F = Spawn count percentage of total count
 G = Total turns spent on level
                    A         B        C        D         E        F      G
               +---------+---------+-------+---------+---------+-------+---------
         Total |       0 |    6504 |   0.0 |       0 |      18 |   0.0 |  1564
               +---------+---------+-------+---------+---------+-------+---------
             D |       0 |    6504 |   0.0 |       0 |      18 |   0.0 |  1564
               +---------+---------+-------+---------+---------+-------+---------
